 Dungeon Crawl Stone Soup version 0.21.1-1-g345015f (webtiles) character file.

28 Lapis the Digger (level 3, -6/28 HPs)
             Began as a Naga Earth Elementalist on Feb 12, 2018.
             Mangled by Ijyb
             ... wielding a +9 club
              (9 damage)
             ... on level 1 of the Dungeon.
             The game lasted 00:02:32 (1911 turns).

Lapis the Digger (Naga Earth Elementalist)          Turns: 1911, Time: 00:02:33

Health: -6/28      AC:  2    Str: 10    XL:     3   Next: 14%
Magic:  4/6        EV: 10    Int: 16    God:
Gold:   47         SH:  0    Dex: 11    Spells: 4/7 levels left

rFire    . . .     SeeInvis +   g - +0 dagger
rCold    . . .     Gourm    .   (no shield)
rNeg     . . .     Faith    .   c - +0 robe
rPois    +         Spirit   .   (no helmet)
rElec    .         Reflect  .   (no cloak)
rCorr    .         Harm     .   (no gloves)
MR       .....                  (no barding)
Stlth    ++........             (no amulet)
HPRegen  0.09/turn              (no ring)
MPRegen  0.10/turn              (no ring)

@: very slow
A: large, see invisible, deformed body, poison resistance, slowness 2, slow
metabolism 1, spit poison 1, AC +1
a: Spit Poison


You were on level 1 of the Dungeon.
You were not hungry.

You visited 1 branch of the dungeon, and saw 2 of its levels.

You collected 47 gold pieces.

Inventory:

Hand Weapons
 g - a +0 dagger (weapon)
Missiles
 b - 32 stones (quivered)
Armour
 c - a +0 robe (worn)
Jewellery
 a - an uncursed ring of resist corrosion {unknown}
Scrolls
 f - a scroll of teleportation {unknown}
 h - 2 scrolls of identify {unknown}
 i - a scroll of noise {unknown}
 j - a scroll of immolation {unknown}
Potions
 l - a potion of flight {unknown}
Books
 e - a book of Geomancy

   Spells                             Type                      Level
   a - Sandblast                      Earth                        1
   b - Passwall                       Transmutation/Earth          2
   c - Stone Arrow                    Conjuration/Earth            3
   d - Petrify                        Transmutation/Earth          4
   e - Lee's Rapid Deconstruction     Earth                        5
Comestibles
 d - 2 rations


   Skills:
 + Level 0.1 Fighting
 - Level 1.5 Dodging
 - Level 3.0 Stealth
 + Level 2.5 Spellcasting
 + Level 1.0 Transmutations
 + Level 3.7 Earth Magic


You had 4 spell levels left.
You knew the following spells:

 Your Spells              Type           Power        Failure   Level  Hunger
a - Sandblast             Erth           ##....       4%          1    #......
b - Passwall              Tmut/Erth      #.........   11%         2    ##.....


Dungeon Overview and Level Annotations

Branches:
Dungeon (2/15)

Altars:

Annotations:
D:1 Ijyb


Innate Abilities, Weirdness & Mutations

You cannot wear boots.
Your serpentine skin is tough. (AC +1)
You have supernaturally acute eyesight. (SInv)
Armour fits poorly on your strangely shaped body.
Your system is resistant to poisons. (rPois)
You cover ground very slowly.
You have a slow metabolism.
You can spit poison.


Message History

Casting: Sandblast
Confirm with . or Enter, or press ? or * to list all spells.
Aiming: Sandblast
Press: ? - help, Shift-Dir - straight line, f - goblin
Aim: a goblin, wielding a dagger The blast of sand hits the goblin.
You kill the goblin!
b - 33 stones Ijyb zaps a wand.
The puff of flame hits you!
* * * LOW HITPOINT WARNING * * *
Casting: Sandblast
Confirm with . or Enter, or press ? or * to list all spells.
Aiming: Sandblast
Press: ? - help, Shift-Dir - straight line, f - Ijyb
Aim: Ijyb, wielding an enchanted club, wearing a runed leather armour and carrying a wand of flame (36)
The blast of sand hits Ijyb.
Ijyb is lightly wounded.
b - 32 stones Ijyb hits you with an enchanted club!
You die...

#...............#########.
#######.........# #.#.
#.#'##....# #...
#.#.##....# #.#.
#...####### #.#. ##..# #.#.
#..# #.#. ####)g# #.#.
#....@# #.##
#######.#################.#
#.......# #.............#
#.####### #.#############
#.# #.# #.# #.# #.# #.#
#.###########.#
#.#...........#


You could see Ijyb.

Vanquished Creatures
  A worm (D:2)
  A leopard gecko (D:1)
  4 giant cockroaches (D:1)
  6 goblins
  2 hobgoblins (D:1)
  3 bats
  2 frilled lizards
  4 rats
23 creatures vanquished.

Notes
Turn   | Place    | Note
-------+----------+-------------------------------------------
     0 | D:1      | Lapis the Naga Earth Elementalist began the quest for the Orb.
     0 | D:1      | Reached XP level 1. HP: 15/15 MP: 3/3
   640 | D:1      | Reached XP level 2. HP: 10/22 MP: 3/5
   804 | D:1      | Learned a level 2 spell: Passwall
  1597 | D:2      | Noticed Ijyb
  1602 | D:2      | Reached XP level 3. HP: 28/28 MP: 3/6
  1911 | D:1      | Mangled by Ijyb

Action                   || total
-------------------------++-------
Melee: Dagger            ||    46
       Unarmed           ||    18
 Cast: Sandblast         ||    16
 Stab: Sleeping          ||     7
  Eat: Chunk             ||     1
       Ration            ||     1
Armor: Robe              ||    11
Dodge: Dodged            ||    43
